 Dungeon Sprint DCSS version 0.28.0-43-g3370ac3207 (webtiles) character file.

Game seed: 9710148148612425599

7 boopmooplesden the Skirmisher (level 1, -2/22 HPs)
             Began as a Minotaur Berserker on Mar 11, 2022.
             Was a Follower of Trog.
             Slain by a worm (7 damage)
             ... in the Dungeon (Sprint II: "The Violet Keep of Menkaure").
             The game lasted 00:00:07 (22 turns).

boopmooplesden the Skirmisher (Minotaur Berserker)    Turns: 22, Time: 00:00:07

Health: -2/22      AC:  2    Str: 21    XL:     1   Next: 83%
Magic:  0/0        EV: 12    Int:  4    God:    Trog [*.....]
Gold:   243        SH:  0    Dex:  9    Spells: 0/0 levels left

rFire   . . .      SeeInvis .   a - +0 hand axe
rCold   . . .      Faith    .   (no shield)
rNeg    . . .      Spirit   .   b - +0 animal skin
rPois   .          Reflect  .   (helmet restricted)
rElec   .          Harm     .   (no cloak)
rCorr   .          Rampage  .   (no gloves)
Will    .....      NoTele   +   (no boots)
Stlth   +.........              (no amulet)
HPRegen 0.07/turn               (no ring)
MPRegen 0.07/turn               (no ring)

@: on berserk cooldown, slowed, very slow
A: horns 2, retaliatory headbutt
a: Renounce Religion, Berserk


You were in the Dungeon.
You worshipped Trog.
Trog was aware of your devotion.
You visited 1 branch You collected 243 gold pieces.

Inventory:

Hand Weapons
 a - a +0 hand axe (weapon)
Armour
 b - a +0 animal skin (worn)
Scrolls
 h - a scroll of blinking
Potions
 c - a potion of curing
 d - a potion of heal wounds
 e - a potion of haste
 f - 2 potions of magic
 g - a potion of berserk rage


   Skills:
 + Level 4.6 Fighting
 + Level 4.6 Axes
 + Level 2.8 Armour
 + Level 2.5 Dodging


You couldn't memorise any spells.
You didn't know any spells.
Your spell library was empty.

Dungeon Overview and Level Annotations

Branches:
Dungeon (1/1)

Altars:


Innate Abilities, Weirdness & Mutations

You have a pair of horns on your head.
You reflexively headbutt those who attack you in melee.


Message History

You barely miss the worm.
The worm is heavily wounded.
You slash the worm! You headbutt the worm.
You kill the worm!
Trog accepts your kill.
Your Fighting skill increases to level 4!
Your Axes skill increases to level 4!
You slash the worm!
The worm is heavily wounded.
You completely miss the worm.
The worm is heavily wounded.
The worm bites you but does no damage.
You hit the worm.
The worm is severely wounded.
You barely miss the worm.
The worm is severely wounded.
The worm closely misses you.
You slash the worm!
You kill the worm!
Trog accepts your kill.
There is an open door here.
You feel a strong urge to attack something.
You now have 243 gold pieces.
You are no longer berserk.
You are exhausted.
You feel yourself slow down.
You open the door.
The flying skull gives a hideous shriek! x2
You hear a hideous shriek! x2
A worm comes into view.
The flying skull gives a hideous shriek! x3
You hear a hideous shriek!
The flying skull gives a hideous shriek!
There is an open door here.
The worm bites you!
* * * LOW HITPOINT WARNING * * *
You barely miss the worm.
The flying skull gives a hideous shriek!
The worm bites you!
You die... ....... ○.... .z§z. zz° zzz

#≈≈#+++#+++##
≈≈≈.........#
##'## ##.#@#
#..##w#
##..### ##'#
##.## +.<.+
##.## #+#


You could see 5 flying skulls and a worm.

Vanquished Creatures
  2 worms (D)
2 creatures vanquished.

Notes
Turn   | Place    | Note
-------+----------+-------------------------------------------
     0 | D        | boopmooplesden the Minotaur Berserker began the quest for
                  | the Orb.
     0 | D        | Reached XP level 1. HP: 19/19 MP: 0/0
    19 | D        | Noticed a flying skull
    19 | D        | Noticed a flying skull
    19 | D        | Noticed a flying skull
    19 | D        | Noticed a flying skull
    19 | D        | Noticed a flying skull
    20 | D        | Noticed a flying skull
    20 | D        | Noticed a flying skull
    20 | D        | Noticed a flying skull
    20 | D        | Noticed a flying skull
    20 | D        | Noticed a flying skull
    20 | D        | Noticed a flying skull
    22 | D        | Slain by a worm

Illustrated notes

Levels and vault maps discovered:
D:        the_violet_keep_of_menkaure [sprint2_stairs_cluster_1,
          sprint2_shoproom, sprint2_temple, sprint2_basic_supplies,
          sprint2_obstacle_6, sprint2_obstacle_7, sprint2_obstacle_1,
          sprint2_obstacle_5, sprint2_obstacle_3, sprint2_timed_cluster_1,
          sprint2_smallroom_cluster_1, sprint2_smallroom_final_cluster_1,
          sprint2_transparent_cluster_1, sprint2_second_timed_cluster_1,
          sprint2_sniper_area_1, sprint2_heavy_combat_area_1,
          sprint2_mutation_trap_area_1, sprint2_forest_area_1,
          sprint2_light_combat_area_1, sprint2_behind_water_1,
          sprint2_near_end_vault_1]

Skill      XL: |  1 |
---------------+----+-----
Fighting       | 4 |  4.6
Axes           | 4 |  4.6
Armour         | |  2.8
Dodging        | |  2.5

Action                   || total
-------------------------++-------
Melee: Hand axe          ||    10
       Headbutt          ||     1
Invok: Berserk           ||     1
Armor: Animal skin       ||     1
Dodge: Dodged            ||     1
